 Dungeon Crawl Stone Soup version 0.32-a0-572-g3e1049bc92 (webtiles) character file.

Game seed: 914064400861110031

387 Kenran the Basher (level 6, 0/45 HPs)
             Began as a Minotaur Hedge Wizard on Mar 1, 2024.
             Was a Believer of Nemelex Xobeh.
             Slain by an iguana (1 damage)
             ... on level 4 of the Dungeon.
             The game lasted 00:05:32 (2875 turns).

Kenran the Basher (Minotaur Hedge Wizard)           Turns: 2875, Time: 00:05:33

Health: 0/45       AC: 14    Str: 17    XL:     6   Next: 49%
Magic:  8/8        EV:  4    Int: 11    God:    Nemelex Xobeh [**....]
Gold:   153        SH:  3    Dex:  9    Spells: 8/9 levels left

rFire   . . .        a - +0 mace
rCold   . . .        s - +0 buckler
rNeg    . . .        i - +0 plate armour
rPois   .            c - +1 hat
rElec   .            n - +1 cloak
rCorr   .            (no gloves)
SInv    +            h - +0 pair of boots
Will    .....        (no amulet) Stlth
                     r - ring of see invisible
HPRegen 0.27/turn    (no ring)
MPRegen 0.11/turn

%: no passive effects
@: no status effects
A: horns 2, retaliatory headbutt
a: Renounce Religion, Draw Escape, Draw Destruction, Draw Summoning


You were on level 4 of the Dungeon.
You worshipped Nemelex Xobeh.
Nemelex Xobeh was pleased with you.
You visited 1 branch of the dungeon, and saw 4 of its levels.

You collected 153 gold pieces.

Inventory:

Hand Weapons
 a - a +0 mace (weapon)
Armour
 c - a +1 hat (worn)
 h - a +0 pair of boots (worn)
 i - a +0 plate armour (worn)
 n - a +1 cloak (worn)
 s - a +0 buckler (worn)
Jewellery
 r - a ring of see invisible (left hand)
Wands
 e - a wand of polymorph (2)
Scrolls
 f - a scroll of acquirement {unknown}
 g - a scroll of identify {unknown}
 j - a scroll of enchant armour
 l - 2 scrolls of teleportation
 m - a scroll of vulnerability {unknown}
 o - a scroll of immolation {!r}
 p - a scroll of enchant weapon {unknown}
 q - a scroll of butterflies {unknown}
 v - a scroll of torment {unknown}
Potions
 b - a potion of invisibility
 d - a potion of magic
 k - a potion of haste
 t - 2 potions of berserk rage {unknown}
 u - a potion of cancellation {unknown}


   Skills:
 + Level 8.0 Maces & Flails
 - Level 2.1 Dodging
 - Level 1.5 Stealth
 - Level 2.1 Spellcasting
 - Level 0.6 Conjurations
 - Level 0.6 Summonings
 - Level 0.6 Translocations


You had 8 spell levels left.
You knew the following spells:

 Your Spells              Type           Power      Damage    Failure   Level
a - Magic Dart            Conj           8%         1d3       100%        1

Your spell library contained the following spells:

 Spells                   Type           Power      Damage    Failure   Level
 Slow                     Hex            4%         N/A       100%        1
 Blink                    Tloc           4%         N/A       100%        2
 Call Imp                 Summ           4%         N/A       100%        2
 Cigotuvi's Dreadful Rot  Necr/Alch/Air  2%         N/A       100%        2
 Dazzling Flash           Conj/Hex       2%         N/A       100%        3
 Mephitic Cloud           Conj/Alch/Air  1%         N/A       100%        3
 Summon Ice Beast         Ice/Summ       1%         N/A       100%        3
 Volatile Blastmotes      Fire/Tloc      2%         2d10      100%        3
 Summon Mana Viper        Hex/Summ       1%         N/A       100%        5
 Starburst                Conj/Fire      0%         6d3       100%        6
 Monstrous Menagerie      Summ           1%         N/A       100%        7
 Maxwell's Capacitive Co  Air            0%         ∞         100%        8


Dungeon Overview and Level Annotations

Branches:
Dungeon (4/15)             Temple (0/1) D:4

Altars:
Nemelex Xobeh

Shops:
D:1 (


Innate Abilities, Weirdness & Mutations

You have a pair of horns on your head.
You reflexively headbutt those who attack you in melee.


Message History

The cerulean imp disappears in a puff of smoke!
The iguana bites you.
Your Maces & Flails skill increases to level 8!
You completely miss the iguana. The iguana barely misses you. x2
You hit the iguana. Your headbutt misses the iguana.
The iguana is lightly wounded.
The iguana bites you but does no damage.
The iguana bites you.
You closely miss the iguana.
The iguana is lightly wounded.
The iguana bites you but does no damage.
You hit the iguana but do no damage. Your headbutt misses the iguana.
The iguana is lightly wounded.
The iguana bites you!
* * * LOW HITPOINT WARNING * * *
The iguana barely misses you. You furiously retaliate!
You headbutt the iguana. You hit the iguana.
The iguana is moderately wounded.
The iguana bites you but does no damage.
You closely miss the iguana.
The iguana is moderately wounded.
The iguana bites you but does no damage.
The iguana bites you!
* * * LOW HITPOINT WARNING * * *
You draw a card...
You have drawn Pain.
Press: ? - help, Shift-Dir - straight line, f - iguana
Aim: an iguana (moderately wounded)
The iguana convulses!
The iguana bites you.
* * * LOW HITPOINT WARNING * * *
You draw a card...
You have drawn Pain.
Press: ? - help, Shift-Dir - straight line, f/p - iguana
Aim: an iguana (heavily wounded)
The iguana convulses!
You feel yourself speed up.
The iguana bites you but does no damage.
The iguana bites you.
You die...
Your body glows slightly and disappears.

#........##..##
#..............
#^.........#...
#.#............
#.#..≣††...≣..#
#...≣≣.....≣ .
#..≣≣..≣.≣..≣
#.≣≣..≣≣.≣≣..≣
#.@l.≣ .. ≣...
#........>..
...
#.....≣≣...≣≣
.. #..≣≣..≣ ≣
##.. ≣..≣ #..
≣... ..# ....
.. ...


You could see an iguana.

Vanquished Creatures
  Sigmund (D:3)
  A hound (D:4)
  A sleepcap (D:3)
  Natasha (twice) (D:4)
  7 adders
  A dart slug (D:2)
  2 ribbon worms (D:3)
  5 endoplasms
  2 giant cockroaches
  3 goblins
  4 hobgoblins
  3 jackals (D:3)
  7 kobolds
  3 quokkas (D:4)
  6 ball pythons
  6 bats
  A frilled lizard (D:3)
  4 rats
59 creatures vanquished.

Notes
Turn   | Place    | Note
-------+----------+-------------------------------------------
     0 | D:1      | Kenran the Minotaur Hedge Wizard began the quest for the
                  | Orb.
     0 | D:1      | Reached XP level 1. HP: 14/14 MP: 2/2
    70 | D:1      | Reached skill level 1 in Maces & Flails
   205 | D:1      | Reached skill level 2 in Maces & Flails
   205 | D:1      | Reached XP level 2. HP: 19/20 MP: 0/4
   429 | D:1      | Found Fuddelup's Weapon Emporium.
   502 | D:1      | Found a faded altar of an unknown god.
   511 | D:1      | Prayed at the altar of an unknown god.
   511 | D:1      | Became a worshipper of Nemelex Xobeh the Trickster
   511 | D:1      | Reached * piety under Nemelex Xobeh
   759 | D:2      | Reached skill level 3 in Maces & Flails
   822 | D:2      | Reached XP level 3. HP: 26/26 MP: 5/5
   862 | D:2      | Received a gift from Nemelex Xobeh
  1022 | D:2      | Reached skill level 4 in Maces & Flails
  1391 | D:3      | Reached XP level 4. HP: 21/33 MP: 6/6
  1633 | D:3      | Reached skill level 5 in Maces & Flails
  1638 | D:3      | Reached ** piety under Nemelex Xobeh
  2003 | D:3      | Noticed Sigmund
  2035 | D:3      | Killed Sigmund
  2036 | D:3      | Reached skill level 7 in Maces & Flails
  2036 | D:3      | Reached XP level 5. HP: 28/38 MP: 0/7
  2036 | D:3      | Reached XP level 6. HP: 33/45 MP: 0/8
  2646 | D:4      | Noticed Natasha
  2659 | D:4      | Killed Natasha
  2792 | D:4      | Found a staircase to the Ecumenical Temple.
  2855 | D:4      | Noticed Natasha
  2867 | D:4      | Killed Natasha
  2868 | D:4      | Reached skill level 8 in Maces & Flails
  2873 | D:4      | HP: 1/45 [iguana (7)]
  2875 | D:4      | Slain by an iguana

Illustrated notes

Levels and vault maps discovered:
D:1:      lightli_arrival_boilingwater, layout_loops_ring, serial_shops, shop,
          shapermc_ecumenical_altar_mp_highgroup, dreamdust_princess_corridor,
          minmay_misc_feat_columns
D:2:      layout_basic
D:3:      layout_basic, kennysheep_path_1, nicolae_half_adder, uniq_sigmund
D:4:      layout_basic, kennysheep_mini_moat, nicolae_overflow_hidden_temple,
          minmay_temple_entry_waves, hellmonk_ghost_happy_afterlife,
          grunt_decor_arrowhead, uniq_natasha

Skill      XL: |  1  2  3  4  5  6 |
---------------+-------------------+-----
Maces & Flails | 2 3 4 7 8 |  8.0
Dodging        | |  2.1
Stealth        | |  1.5
Spellcasting   | |  2.1
Conjurations   | |  0.6
Summonings     | |  0.6
Translocations | |  0.6

Action                     |  1- 3 |  4- 6 || total
---------------------------+-------+-------++-------
  Melee: Mace              |    77 |   119 ||   196
         Headbutt          |    14 |    14 ||    28
   Cast: Magic Dart        |     7 |     5 ||    12
 Invoke: Draw Destruction  |       |     2 ||     2
    Use: Scroll            |     1 |     2 ||     3
         Potion            |       |     5 ||     5
 Armour: Robe              |    13 |       ||    13
         Plate armour      |    63 |   124 ||   187
         Ring mail         |     1 |       ||     1
         Skin              |       |    23 ||    23
  Dodge: Dodged            |    45 |    27 ||    72
  Block: Buckler           |       |     8 ||     8

Table legend: (Time is in decaauts)
 A = Elapsed time spent in this place.
 B = Non-inter-level travel time spent in this place.
 C = Inter-level travel time spent in this place.
 D = Time resting spent in this place.
 E = Time spent auto-exploring this place.
 F = Levels seen in this place.
 G = Mean time per level.
                   A        B        C        D        E       F      G
               +--------+--------+--------+--------+--------+-----+--------+
         Total |   2905 |   2807 |     98 |    366 |   1803 |   4 |  726.2 |
       Dungeon |   2905 |   2807 |     98 |    366 |   1803 |   4 |  726.2 |
               +--------+--------+--------+--------+--------+-----+--------+

Top non-repeatable levels by time:
     D:3: 1290 daAuts
     D:1: 718 daAuts
     D:2: 656 daAuts
     D:4: 240 daAuts
